cohdb
Replays
Latest Replays
All Replays
Popular Replays
Top Player Replays
Match Explorer
How It Works
Community
CoH3 Stats
Reddit
Sign in to upload your games and track your stats! →
Sign in with Steam
Match 43473325
Unlisted
Match 43473325
Overview
Messages
Build Orders
End
Panzergrenadier Squad
250 Light Carrier
Panzergrenadier Squad
Construct Light Support Kompanie
Combat Half-tracks
Selects Armored Support Battlegroup
Selects Superior Fire Drills
MG34 Team
Fire Support Elements
Pak 38 Anti-tank Gun Team
Flakvierling Half-track
Selects Salvage Kits
Assault Mechanized Group
Panzerpioneer Squad
Vehicle Survival Package
Construct Panzerarmee Kommand
Pak 38 Anti-tank Gun Team
Assault Mechanized Group
Laevateinn
ImHereforSnacks
Desert Fox
Iron_Sarge69
Damacles
YangXYZ
0
0
Comments
sign in to comment!
No comments posted yet!